 Dungeon Crawl Stone Soup version 0.26.1-15-g04117e645d (webtiles) character file.

Game seed: 9090144774445034672

1331 SaifuuSuri the Cleaver (level 8, 73/73 HPs)
             Began as a Minotaur Berserker on Feb 12, 2021.
             Was a Priest of Trog.
             Got out of the dungeon alive.
             The game lasted 01:09:01 (5307 turns).

SaifuuSuri the Cleaver (Minotaur Berserker)         Turns: 5307, Time: 01:09:02

Health: 73/73      AC: 14    Str: 24    XL:     8   Next: 34%
Magic:  7/7        EV:  9    Int:  4    God:    Trog [***...]
Gold:   344        SH:  0    Dex: 16    Spells: 7/7 levels left

rFire    + . .     SeeInvis .   a - +1 hand axe
rCold    x . .     Faith    .   (no shield)
rNeg     . . .     Spirit   .   g - +0 chain mail
rPois    .         Reflect  .   (helmet unavailable)
rElec    .         Harm     .   (no cloak)
rCorr    .         Rampage  .   b - +0 pair of gloves
Will     .....                  (no boots)
Stlth    ..........             (no amulet)
HPRegen  0.22/turn              j - ring of fire
MPRegen  0.10/turn              l - +6 ring of dexterity

@: no status effects
A: retaliatory headbutt, horns 3, molten scales 1, rugged brown scales 1
a: Renounce Religion, Berserk, Trog's Hand


You escaped.
You worshipped Trog.
Trog was most pleased with you.
You visited 1 branch of the dungeon, and saw 6 of its levels.

You collected 344 gold pieces.

Inventory:

Hand Weapons
 a - a +1 hand axe (weapon)
Armour
 b - a +0 pair of gloves (worn)
 g - a +0 chain mail (worn)
Jewellery
 j - a ring of fire (left hand)
 l - a +6 ring of dexterity (right hand)
Wands
 n - a wand of paralysis (12)
Scrolls
 c - a scroll of immolation {unknown}
 h - a scroll of blinking
 i - 3 scrolls of teleportation
 k - 2 scrolls of remove curse
Potions
 e - 3 potions of might
 f - a potion of flight
 m - 2 potions of berserk rage
 p - a potion of cancellation


   Skills:
 * Level 6.3 Fighting
 * Level 9.9 Axes
 * Level 6.4 Armour
 - Level 2.1 Dodging


You had 7 spell levels left.
You didn't know any spells.
Your spell library was empty.

Dungeon Overview and Level Annotations

Branches:
Dungeon (6/15)
 Temple: D:4-7

Altars:
Ashenzari
Fedhas
Gozag
Hepliaklqana
Trog
Wu Jian
Xom
Yredelemnul

Shops:
D:6 [

Annotations:
D:3 3 runed translucent doors, Hehehe's ghost, amateur DDFi


Innate Abilities, Weirdness & Mutations

You reflexively headbutt those who attack you in melee.
You have a pair of large horns on your head.
You are partially covered in molten scales. (AC +2)
You are partially covered in rugged brown scales. (AC +1, +3% HP)


Message History

You hit the jackal.
You kill the jackal!
Trog accepts your kill.
You hit the giant cockroach but do no damage.
The giant cockroach bites you but does no damage.
The giant cockroach bites you but does no damage.
You see here a jackal corpse.
You barely miss the giant cockroach.
The giant cockroach is almost dead.
The giant cockroach closely misses you. You furiously retaliate!
You headbutt the giant cockroach!
You kill the giant cockroach!
Trog accepts your kill.
A dart slug comes into view.
There is an open door here.
There is a staircase leading out of the dungeon here.
Are you sure you want to leave the Dungeon?
This will make you lose the game!
Uppercase [Y]es or [N]o only, please.
Are you sure you want to leave the Dungeon?
This will make you lose the game!
You have escaped!

.........)...##(####.##
######......##...##.#'#
.w #......#.....'##.##
....#.††...##...###...##
.....?.....###'###.....##
##....#...## #.'........#
#....#...# ##'###.....##
#....#...###...###...##
#....#...##..@..'##.##
#....w....##...##.#'#
#.........###.####.##
..........###'# ######
............#.# ...#
...##.......#.###+#...#
...
#...............###... ..
#####.................
#####.................


There were no monsters in sight!

Vanquished Creatures
  The ghost of jmmainvi the Ruffian, an amateur TrHu (D:4)
  A water moccasin (D:5)
  An ogre (D:5)
  A centaur (D:6)
  2 scorpions
  2 quasits (D:4)
  An orc priest (D:6)
  4 orc wizards (D:4)
  A gnoll shaman (D:4)
  A centaur skeleton (D:4)
  Ijyb (D:4)
  3 iguanas
  6 worker ants
  A hound zombie (D:5)
  A hound skeleton (D:5)
  2 worker ant zombies (D:5)
  8 gnolls (D:4)
  4 adders (D:3)
  2 white imps
  4 adder zombies (D:5)
  6 worms
  2 dart slugs
  2 leopard geckos
  11 orcs
  4 giant cockroaches
  4 goblins (D:2)
  4 hobgoblins
  10 jackals
  2 quokkas
  2 ball pythons (D:3)
  A ball python skeleton (D:4)
  11 bats
  2 frilled lizards
  7 kobolds
  A leopard gecko skeleton (D:5)
  2 leopard gecko zombies
  5 rats
123 creatures vanquished.

Vanquished Creatures (others)
  5 plants (D:6)
  4 withered plants (D:5)
9 creatures vanquished.

Grand Total: 132 creatures vanquished

Notes
Turn   | Place    | Note
-------+----------+-------------------------------------------
     0 | D:1      | SaifuuSuri the Minotaur Berserker began the quest for the
                  | Orb.
     0 | D:1      | Reached XP level 1. HP: 19/19 MP: 0/0
   196 | D:2      | Reached skill level 4 in Axes
   198 | D:2      | Found a shimmering altar of Xom.
   216 | D:2      | Reached XP level 2. HP: 18/27 MP: 1/1
   670 | D:2      | Reached XP level 3. HP: 33/33 MP: 2/2
   703 | D:2      | Reached ** piety under Trog
  1701 | D:2      | Found a hazy altar of Hepliaklqana.
  1766 | D:3      | Reached skill level 5 in Axes
  1957 | D:3      | Found an opulent altar of Gozag.
  1993 | D:3      | Found a broken altar of Ashenzari.
  2001 | D:3      | Reached XP level 4. HP: 41/41 MP: 3/3
  2092 | D:3      | Found an ornate altar of the Wu Jian Council.
  2182 | D:3      | Found a runed translucent gate.
  2183 | D:3      | Noticed Hehehe's ghost (amateur DDFi)
  2184 | D:3      | Found a runed translucent gate.
  2184 | D:3      | Found a runed translucent gate.
  2185 | D:3      | Noticed a bullfrog
  2788 | D:4      | Noticed Ijyb
  2788 | D:4      | Paralysed by Ijyb for 5 turns
  2797 | D:4      | Killed Ijyb
  2798 | D:4      | Reached skill level 6 in Axes
  2798 | D:4      | Reached XP level 5. HP: 47/47 MP: 4/4
  3030 | D:4      | Reached skill level 7 in Axes
  3030 | D:4      | Reached XP level 6. HP: 44/53 MP: 5/5
  3308 | D:4      | Found a transporter.
  3345 | D:4      | Noticed jmmainvi's ghost (amateur TrHu)
  3350 | D:4      | Reached skill level 5 in Fighting
  3353 | D:4      | Found a transporter.
  3379 | D:4      | Killed jmmainvi's ghost
  3380 | D:4      | Reached skill level 8 in Axes
  3380 | D:4      | Reached XP level 7. HP: 61/61 MP: 6/6
  3745 | D:4      | Found a basalt altar of Yredelemnul.
  3822 | D:4      | Reached *** piety under Trog
  3834 | D:4      | Reached skill level 5 in Armour
  3925 | D:4      | Gained mutation: You are partially covered in rugged brown
                  | scales. (AC +1, +3% HP) [potion of mutation]
  3925 | D:4      | Gained mutation: You have a pair of large horns on your
                  | head. [potion of mutation]
  3925 | D:4      | Gained mutation: You are partially covered in molten
                  | scales. (AC +2) [potion of mutation]
  4009 | D:5      | Entered Level 5 of the Dungeon
  4246 | D:5      | Reached skill level 9 in Axes
  4396 | D:5      | Found a bloodstained altar of Trog.
  4537 | D:5      | Reached XP level 8. HP: 71/72 MP: 7/7
  4598 | D:5      | Found a blossoming altar of Fedhas.
  4673 | D:5      | Found a basalt altar of Yredelemnul.
  4766 | D:6      | Upgraded the game from 0.26.1-2-gb8aa6d0cf2 to
                  | 0.26.1-15-g04117e645d
  4801 | D:6      | Found Ydibrail's Antique Armour Shop.
  5307 | D:$      | Got out of the dungeon alive.

Illustrated notes

Levels and vault maps discovered:
D:1:      dpeg_arrival_rhombi, layout_basic
D:2:      layout_basic, nzn_hepliaklqana_mist_gate, xom_teletrap_fun,
          serial_rivers, chequers_serial_rivers_micro_d,
          chequers_serial_rivers_room_a, chequers_serial_rivers_room_a,
          chequers_serial_rivers_large_b, chequers_serial_rivers_micro_b
D:3:      layout_loops_ring, lemuel_round_altar, cheibrodos_ashenzari_chains,
          nzn_wu_jian_council_hall, gammafunk_ghost_split
D:4:      layout_basic, general_overflow_altar, gammafunk_ghost_stat_death,
          uniq_ijyb
D:5:      layout_gridville, marbit_many_paths, kennysheep_mini_moat,
          serial_undead, serial_undead_b, serial_undead_b, serial_undead_b,
          serial_undead_a, yredelemnul_altar_generic
D:6:      layout_cave_pools, temple_fountains, serial_shops,
          nicolae_shop_overgrown_old_shop

Skill      XL: |  1  2  3  4  5  6  7  8 |
---------------+-------------------------+-----
Axes           | 4 5 6 7 8 9 |  9.9
Fighting       | 4 5 6 |  6.3
Armour         | 3 4 5 6 |  6.4
Dodging        | |  2.1

Action                   |  1- 3 |  4- 6 |  7- 9 || total
-------------------------+-------+-------+-------++-------
Melee: Hand axe          |    85 |   102 |   116 ||   303
       Headbutt          |    14 |    15 |    39 ||    68
Invok: Berserk           |     2 |     3 |     3 ||     8
  Use: Potion            |     6 |       |     2 ||     8
       Scroll            |       |     6 |     3 ||     9
Armor: Animal skin       |    13 |       |       ||    13
       Scale mail        |    16 |    29 |       ||    45
       Chain mail        |       |    26 |    49 ||    75
Dodge: Dodged            |    56 |    66 |    44 ||   166
